AoeStats
← mordicchiotto

Runestones

508454294Analyzed
1v1 RM · 8d ago on Sep 22, 2026· 60m 4s· 2 players
Game mode
Random Map
Map size
Tiny (2 player)
Population
200
Speed
Normal
Resources
Standard
Victory
Conquest
Starting age
Dark Age
Ending age
Imperial Age
RankedLock teamsTeams togetherTeam positionsShared explorationLock speedFull tech treeHidden civsTurbo modeCheats
Victory
Defeat
🇮🇹 Malians · Italy
2428
+22
🇧🇷 Huns · Brazil
2556
-22
mordicchiotto
8:23 Feudal Age
7:58 Loom
9:36 Double-Bit Axe
11:37 Horse Collar
18:35 Castle Age
17:27 Gold Mining
17:49 Bloodlines
18:40 Forging
19:22 Husbandry
18:50 Light Cavalry
19:42 Bow Saw
19:18 Light Cavalry
21:16 Sanctity
23:05 Wheelbarrow
26:58 Town Watch
31:09 Fletching
34:59 Imperial Age
34:00 Hand Cart
33:46 Tigui
33:42 Bodkin Arrow
34:58 Padded Archer Armor
35:01 Scale Mail Armor
36:33 Ballistics
37:59 Chain Mail Armor
39:22 Scale Barding Armor
40:23 Chain Barding Armor
41:35 Iron Casting
42:02 Chemistry
42:13 Plate Barding Armor
41:45 Farimba
42:07 Squires
41:52 Arson
43:47 Iron Casting
43:18 Heavy Plow
45:02 Masonry
45:32 Conscription
47:21 Architecture
47:43 Plate Mail Armor
50:17 Padded Archer Armor
51:50 Guilds
54:49 Elite Gbeto
61:06 Crop Rotation
Gabi
6:13 Loom
8:32 Feudal Age
9:10 Double-Bit Axe
10:18 Horse Collar
21:32 Castle Age
20:05 Fletching
21:59 Bloodlines
21:45 Gold Mining
22:16 Bodkin Arrow
23:01 Padded Archer Armor
24:07 Husbandry
27:36 Wheelbarrow
27:11 Bow Saw
28:31 Scale Barding Armor
28:21 Town Watch
31:11 Chain Barding Armor
31:46 Heavy Plow
33:16 Ballistics
37:57 Imperial Age
38:45 Bracer
40:42 Chemistry
40:34 Thumb Ring
40:54 Parthian Tactics
40:25 Light Cavalry
41:44 Masonry
42:16 Leather Archer Armor
42:21 Chain Barding Armor
42:12 Forging
43:30 Conscription
43:03 Heavy Cavalry Archer
45:39 Plate Barding Armor
45:40 Iron Casting
45:27 Capped Ram
47:39 Squires
48:19 Pikeman
48:44 Hussar
51:50 Hand Cart
58:41 Blast Furnace
Connection lost

Rejoining the realm…

Still unreachable

The connection could not be restored.

Session expired

The server has moved on; the page needs a fresh start.